Map: 나이트쉐이드 - 래더

Players

Zest - Winner!

  • Race: Protoss Protoss
  • Spawn Location: 5:00

SKillous

  • Race: Protoss Protoss
  • League: Master
  • Spawn Location: 11:00

VOD

Have the link to the VOD?

Description

Time

  • Played on: Jan. 6, 2020, 8:03 p.m.
  • Length: 6:08
Show
View Real Time Build Order
Export as new Build Order

Zest Protoss - Winner!

Build Orders:  

Get SALT Encoding   

  12  0:00  Probe  
  13  0:13  Probe  
  14  0:17  Pylon  
  14  0:25  Probe (Chrono Boost)  
  15  0:36  Gateway  
  15  0:37  Probe (Chrono Boost)  
  16  0:44  Probe (Chrono Boost)  
  16  0:45  Assimilator  
  17  0:51  Probe  
  17  0:54  Assimilator  
  18  1:03  Probe (Chrono Boost)  
  19  1:06  Gateway  
  19  1:12  Probe (Chrono Boost)  
  19  1:17  Probe (Chrono Boost)  
  20  1:23  Cybernetics Core  
  21  1:29  Probe  
  22  1:36  Pylon  
  22  1:41  Probe  
  23  1:54  Probe  
  24  2:00  Robotics Facility  
  24  2:02  Warp Gate  
  24  2:05  Stalker  
  26  2:13  Stalker  
  28  2:22  Pylon  
  28  2:36  Stalker  
  29  2:44  Immortal (Chrono Boost)  
  33  2:54  Stalker  
  35  3:11  Sentry  
  37  3:13  Warp Prism (Chrono Boost)  
  39  3:20  Pylon  
  39  3:44  Immortal  
  43  3:58  Sentry, Stalker  
  43  4:02  Pylon  
  47  4:08  Shield Battery  
  47  4:27  Stargate  
  47  4:30  Observer (Chrono Boost)  
  48  4:31  Pylon  
  48  4:36  Probe  
  49  4:49  Probe  
  50  5:01  Probe  
  50  5:06  Nexus  
  51  5:13  Probe  
  52  5:19  Zealot x2  
  46  5:44  Stalker  
  46  5:45  Stalker  
  47  5:52  Probe  
Show
View Real Time Build Order
Export as new Build Order

SKillous Protoss 

Build Orders:  

Get SALT Encoding   

  12  0:01  Probe  
  13  0:13  Probe  
  14  0:18  Pylon  
  14  0:25  Probe (Chrono Boost)  
  15  0:37  Probe (Chrono Boost)  
  15  0:38  Gateway  
  16  0:46  Probe (Chrono Boost), Assimilator  
  17  0:51  Probe  
  17  0:55  Assimilator  
  18  1:03  Probe (Chrono Boost)  
  19  1:10  Gateway  
  19  1:13  Probe (Chrono Boost)  
  19  1:18  Probe (Chrono Boost)  
  21  1:26  Cybernetics Core  
  21  1:30  Probe  
  22  1:34  Pylon  
  22  1:42  Probe  
  23  1:55  Probe  
  24  2:02  Warp Gate, Stalker x2  
  28  2:14  Pylon  
  28  2:17  Pylon  
  28  2:32  Stalker x2  
  32  2:39  Robotics Facility  
  32  2:49  Gateway  
  32  3:02  Stalker x2  
  36  3:10  Pylon  
  36  3:24  Warp Prism (Chrono Boost)  
  29  3:52  Sentry, Stalker  
  33  4:04  Sentry  
  33  4:06  Probe  
  34  4:24  Probe  
  35  4:26  Stalker  
  37  4:31  Pylon  
  37  4:36  Probe  
  36  4:54  Adept x2  
  44  5:15  Pylon  
  44  5:18  Immortal (Chrono Boost)  
  40  5:25  Probe  
  40  5:28  Stalker  
Tags
 
Add a new tag
Caveats
  • Supply blocks, unpowered buildings, or Contaminate may cause inaccurate times.
  • Supply counts are checked every 10 seconds.